 Dungeon Crawl Stone Soup version 0.30-a0-940-ge5077277c9 (webtiles) character file.

Game seed: 13232378886825105585

16699 CryoSword the Frost Mage (level 11, -3/99 (138) HPs)
             Began as a Demigod Reaver on Mar 26, 2023.
             Slain by an ice beast (9 damage)
             ... summoned by Fannar
             ... on level 1 of the Lair of Beasts.
             The game lasted 00:50:35 (12416 turns).

CryoSword the Frost Mage (Demigod Reaver)          Turns: 12416, Time: 00:50:35

HP:   -3/99 (138)   AC: 29    Str: 17    XL:     11   Next: 83%
MP:   20/20         EV:  2    Int: 23    God:
Gold: 530           SH:  0    Dex: 12    Spells: 5/18 levels left

rFire   . . .      SeeInvis +    a - +1 trident (heavy)
rCold   . . .      Faith    .    (no shield)
rNeg    . . .      Spirit   .    O - melded +2 robe {Archmagi}
rPois   +          Reflect  .    i - melded +1 helmet
rElec   .          Rampage  .    z - melded +0 cloak
rCorr   .          NoTele   +    (gloves currently unavailable)
Will    +....                    n - melded +0 pair of boots
Stlth   ++                       m - amulet of magic regeneration
HPRegen 0.36/turn                h - +4 ring of protection {=R}
MPRegen 0.57/turn                s - ring of see invisible

@: tree-form (expiring), hasted, very heavily drained, very quick
A: stationary, stasis, torment immunity, boosted hp, high MP 1, forlorn, divine
attributes
a: no special abilities


You were on level 1 of the Lair of Beasts.
You were a tree.
You visited 2 branches of the dungeon, and saw 12 of its levels.
You also visited: Ossuary.

You collected 530 gold pieces.

Inventory:

Hand Weapons
 a - a +1 heavy trident (weapon)
   (You took it off an orc on level 9 of the Dungeon)
 y - a +3 scimitar of flaming
   (You took it off Erica on level 9 of the Dungeon)
Missiles
 j - 15 poisoned darts
Armour
 i - a +1 helmet (melded)
   (You took it off Robin on level 4 of the Dungeon)
 n - a +0 pair of boots (melded)
   (You found it on level 1 of the Lair of Beasts)
 z - a +0 cloak (melded)
   (You took it off Maurice on level 10 of the Dungeon)
 O - a +2 robe of the Archmagi (melded)
   (You took it off Erica on level 9 of the Dungeon)
Magical Staves
 w - a staff of cold
   (You found it on level 7 of the Dungeon)
Jewellery
 h - a +4 ring of protection (left branch) {=R}
   (You found it on level 2 of the Dungeon)
 m - an amulet of magic regeneration (around neck)
   (You found it on level 3 of the Dungeon)
 s - a ring of see invisible (right branch)
   (You found it on level 3 of the Dungeon)
 t - a ring of flight
   (You took it off a hobgoblin on level 3 of the Dungeon)
 Q - a ring of poison resistance
   (You took it off an orc priest on level 10 of the Dungeon)
Wands
 f - a wand of flame (15) (quivered)
   (You took it off Duvessa on level 7 of the Dungeon)
 k - a wand of digging (5)
   (You found it on level 3 of the Dungeon)
 J - a wand of mindburst (20)
   (You found it on level 8 of the Dungeon)
Scrolls
 o - 3 scrolls of amnesia {unknown}
 p - 2 scrolls of poison {!r}
 q - 4 scrolls of enchant weapon {unknown}
 u - 6 scrolls of teleportation {@r4}
 x - 3 scrolls of immolation {unknown}
 A - 2 scrolls of enchant armour {unknown}
 B - 2 scrolls of magic mapping
 D - 3 scrolls of blinking
 E - 2 scrolls of torment {unknown}
 G - a scroll of fog {unknown}
 K - 4 scrolls of silence
 N - 2 scrolls of fear {unknown}
 R - a scroll of brand weapon {unknown}
 S - a scroll of vulnerability {unknown}
 T - a scroll of summoning {unknown}
Potions
 b - 4 potions of lignification {!q}
 c - 2 potions of berserk rage {unknown}
 d - 4 potions of curing {@q1}
 e - 4 potions of flight
 g - a potion of magic {unknown}
 l - 6 potions of mutation {!q}
 r - 2 potions of brilliance
 v - a potion of resistance {unknown}
 C - 2 potions of haste {@q3}
 H - a potion of cancellation
 I - a potion of attraction {unknown}
 L - 2 potions of heal wounds {@q2}
 U - 3 potions of might {unknown}


   Skills:
 + Level 7.0 Fighting
 * Level 6.4(7.1) Polearms
 - Level 4.5(6.2) Staves
 - Level 0.4 Armour
 - Level 2.0 Dodging
 - Level 4.0 Stealth
 - Level 4.0 Spellcasting
 - Level 7.4 Conjurations
 + Level 6.6 Necromancy
 - Level 4.6 Translocations
 + Level 8.8 Ice Magic
 - Level 2.9 Evocations


You had 5 spell levels left.
You knew the following spells:

 Your Spells              Type           Power      Damage    Failure   Level
a - Kiss of Death         Conj/Necr      100%       2d13      1%          1
b - Momentum Strike       Conj/Tloc      64%        3d9       1%          2
c - Frozen Ramparts       Ice            90%        1d14      1%          3
d - Hailstorm             Conj/Ice       41%        3d10      1%          3
e - Dispel Undead         Necr           35%        3d15      7%          4

Your spell library contained the following spells:

 Spells                   Type           Power      Damage    Failure   Level
 Freeze                   Ice            100%       1d10      1%          1
 Magic Dart               Conj           100%       1d8       1%          1
 Ensorcelled Hibernation  Hex/Ice        48%        N/A       2%          2
 Cigotuvi's Dreadful Rot  Necr/Pois/Air  28%        N/A       6%          2
 Mephitic Cloud           Conj/Pois/Air  15%        N/A       12%         3
 Call Imp                 Summ           4%         N/A       16%         2
 Ice Form                 Ice/Tmut       24%        N/A       17%         4
 Anguish                  Hex/Necr       9%         N/A       26%         4
 Spider Form              Tmut/Pois      4%         N/A       30%         3
 Simulacrum               Ice/Necr       20%        N/A       54%         6
 Death Channel            Necr           17%        N/A       71%         6


Dungeon Overview and Level Annotations

Branches:
Dungeon (11/15)            Temple (0/1) D:6            Lair (1/5) D:11
    Orc (0/2) D:9         Ossuary (visited)

Annotations:
D:7 3 runed translucent doors, jovan2203's ghost, novice DjFE
D:10 exclusion: centaur, Joseph
Lair:1 Fannar


Innate Abilities, Weirdness & Mutations

You are a tree.
Your roots penetrate the ground, keeping you stationary.
You cannot be teleported.
You are immune to unholy pain and torment.
Your maximum health is greatly increased.
Your equipment is partially melded.
You have an increased reservoir of magic. (+10% MP)
You shall have no god before yourself.
Your divine heritage dramatically boosts your attributes as you level up.


Message History

Fannar hits you but does no damage.
The ice beast hits you but does no damage.
Reach: a) +1 trident (heavy)
Aim: Fannar, wielding a +0 quarterstaff of freezing, wearing a +1 robe of cold resistance and wearing a ring of ice (moderately wounded, lightly drained, about 52% to evade your +1 heavy trident)
You impale Fannar!!
The ice beast hits you but does no damage. x2
Fannar hits you but does no damage. The ice beast completely misses you.
The ice beast hits you but does no damage.
Reach: a) +1 trident (heavy)
Aim: Fannar, wielding a +0 quarterstaff of freezing, wearing a +1 robe of cold resistance and wearing a ring of ice (heavily wounded, lightly drained, about 52% to evade your +1 heavy trident)
You hit Fannar but do no damage.
The ice beast hits you but does no damage. x2
Fannar hits you with a +0 quarterstaff of freezing.
Fannar freezes you.
The ice beast hits you but does no damage. x2
Fannar casts a spell.
Fannar drains the heat from the surrounding environment!
The ice beast hits you but does no damage.
Okay, then.
Aim: Fannar, wielding a +0 quarterstaff of freezing, wearing a +1 robe of cold resistance and wearing a ring of ice (heavily wounded, lightly drained, 100% to hit)
The negative energy hits Fannar!
Fannar is drained!
You feel drained.
The ice beast hits you but does no damage. x2
Fannar points at you and mumbles some strange words.
The bolt of cold hits you!
The ice beast hits you but does no damage.
Reach: a) +1 trident (heavy)
Aim: Fannar, wielding a +0 quarterstaff of freezing, wearing a +1 robe of cold resistance and wearing a ring of ice (severely wounded, lightly drained, about 52% to evade your +1 heavy trident)
You barely miss Fannar.
The ice beast hits you but does no damage. x2
Fannar hits you with a +0 quarterstaff of freezing.
Fannar freezes you.
The ice beast hits you but does no damage.
Reach: a) +1 trident (heavy)
Aim: Fannar, wielding a +0 quarterstaff of freezing, wearing a +1 robe of cold resistance and wearing a ring of ice (severely wounded, lightly drained, about 52% to evade your +1 heavy trident)
You hit Fannar but do no damage.
The ice beast hits you but does no damage.
The ice beast barely misses you. Fannar hits you but does no damage.
The ice beast hits you but does no damage. x2
Reach: a) +1 trident (heavy)
Aim: Fannar, wielding a +0 quarterstaff of freezing, wearing a +1 robe of cold resistance and wearing a ring of ice (severely wounded, lightly drained, about 52% to evade your +1 heavy trident)
You barely miss Fannar.
The ice beast hits you but does no damage. x2
Fannar murmurs some mystic words to themself.
Fannar hits you but does no damage.
The ice beast hits you but does no damage. x2
Fannar casts a spell.
Fannar drains the heat from the surrounding environment!
* * * LOW HITPOINT WARNING * * *
The ice beast hits you but does no damage.
Reach: a) +1 trident (heavy)
Aim: Fannar, wielding a +0 quarterstaff of freezing, wearing a +1 robe of cold resistance and wearing a ring of ice (severely wounded, lightly drained, about 52% to evade your +1 heavy trident)
You barely miss Fannar.
The ice beast hits you but does no damage.
The ice beast hits you.
* * * LOW HITPOINT WARNING * * *
The ice beast freezes you.
* * * LOW HITPOINT WARNING * * *
Fannar hits you with a +0 quarterstaff of freezing.
* * * LOW HITPOINT WARNING * * *
Fannar freezes you.
* * * LOW HITPOINT WARNING * * *
The ice beast hits you but does no damage.
Really quaff
l - 6 potions of mutation {!q}?
Okay, then.
You feel much better.
The ice beast hits you but does no damage. x2
Fannar hits you but does no damage.
The ice beast hits you but does no damage.
You feel much better.
The ice beast hits you but does no damage. x2
Fannar hits you but does no damage.
The ice beast hits you but does no damage.
You feel yourself speed up.
The ice beast hits you but does no damage. x2
Fannar hits you with a +0 quarterstaff of freezing.
Fannar freezes you.
The ice beast hits you but does no damage.
Reach: a) +1 trident (heavy)
Aim: Fannar, wielding a +0 quarterstaff of freezing, wearing a +1 robe of cold resistance and wearing a ring of ice (severely wounded, lightly drained, about 52% to evade your +1 heavy trident)
You impale Fannar!! The ice beast hits you. The ice beast freezes you!
The ice beast hits you but does no damage.
Fannar hits you but does no damage.
The ice beast hits you but does no damage.
Reach: a) +1 trident (heavy)
Aim: Fannar, wielding a +0 quarterstaff of freezing, wearing a +1 robe of cold resistance and wearing a ring of ice (almost dead, lightly drained, about 52% to evade your +1 heavy trident)
You closely miss Fannar. The ice beast completely misses you.
The ice beast hits you but does no damage.
Fannar mumbles some strange words.
Fannar blinks!
The ice beast hits you but does no damage.
You cannot redirect your momentum while unable to move.
Unknown command.
The ice beast hits you. The ice beast freezes you!
* * * LOW HITPOINT WARNING * * *
The ice beast hits you but does no damage. x2
You puncture the ice beast!
The ice beast hits you but does no damage. x3
You cannot redirect your momentum while unable to move.
Unknown command.
You impale the ice beast!!
You kill the ice beast!
The ice beast disappears in a puff of smoke!
You hit the ice beast. The ice beast hits you.
* * * LOW HITPOINT WARNING * * *
The ice beast freezes you!
* * * LOW HITPOINT WARNING * * *
The ice beast hits you but does no damage.
Fannar casts a spell.
Aim: Fannar, wielding a +0 quarterstaff of freezing, wearing a +1 robe of cold resistance and wearing a ring of ice (almost dead, lightly drained, 53% to hit)
The puff of flame hits Fannar.
Fannar is burned terribly!
The ice beast hits you but does no damage.
The ice beast hits you.
* * * LOW HITPOINT WARNING * * *
The ice beast freezes you!
* * * LOW HITPOINT WARNING * * *
Fannar gestures at you while chanting.
The bolt of cold hits you but does no damage.
Aim: Fannar, wielding a +0 quarterstaff of freezing, wearing a +1 robe of cold resistance and wearing a ring of ice (almost dead, lightly drained, 53% to hit)
The puff of flame misses Fannar.
The ice beast hits you but does no damage. x2
Aim: Fannar, wielding a +0 quarterstaff of freezing, wearing a +1 robe of cold resistance and wearing a ring of ice (almost dead, lightly drained, 53% to hit)
The puff of flame hits Fannar but does no damage.
You feel much better.
The ice beast hits you but does no damage. x2
You hit the ice beast but do no damage. The ice beast hits you.
* * * LOW HITPOINT WARNING * * *
The ice beast freezes you!
* * * LOW HITPOINT WARNING * * *
The ice beast hits you but does no damage.
Fannar casts a spell.
Fannar drains the heat from the surrounding environment!
The ice beast barely misses you.
You barely miss the ice beast.
Your transformation is almost over.
The ice beast hits you but does no damage. x3
Reach: a) +1 trident (heavy)
Aim: Fannar, wielding a +0 quarterstaff of freezing, wearing a +1 robe of cold resistance and wearing a ring of ice (almost dead, lightly drained, about 52% to evade your +1 heavy trident)
You reach to attack!
You hit Fannar but do no damage.
The ice beast hits you but does no damage. x2
Fannar brushes some snowflakes from their robe.
Fannar gestures at you while chanting.
The bolt of cold hits the ice beast.
The ice beast completely resists.
The bolt of cold hits you!
* * * LOW HITPOINT WARNING * * *
The bolt of cold hits the ice beast.
The ice beast completely resists.
The ice beast hits you.
* * * LOW HITPOINT WARNING * * *
The ice beast freezes you!
You die...

##.#...##...............
##......#................
#...#....................
####.......#...#........#
##......#...##........
##....##....#........
#...##..............
##.##.........###...
##.Y♣Ye...###..# #...
##...Y....## #..# ##..
###.####...## ##.## #..
##..## ##..# #..####.
#.### ##.## #...#.#. ###
#...## #.>.#... ....#
#...##.. ##..####......P
##...##.......#


You could see Fannar (drained) and 3 ice beasts.

Vanquished Creatures
  Josephine (D:11)
  Erolcha (D:9)
  A hydra (D:11)
  Erica (D:9)
  2 two-headed ogres
  An ugly thing (D:11)
  6 elephants (Lair:1)
  2 black mambas (Lair:1)
  Maurice (D:10)
  A gargoyle (D:8)
  Psyche (D:8)
  A komodo dragon (Lair:1)
  2 vampires
  3 wyverns
  9 yaks
  Eustachio (D:6)
  6 wraiths
  2 steam dragons
  Edmund (D:4)
  Menkaure (Ossuary)
  A warg (D:9)
  3 water moccasins
  An acid dragon (D:10)
  Duvessa (D:7)
  2 black bears (D:11)
  8 orc warriors
  2 ogres
  6 wolves (Lair:1)
  A centaur (D:9)
  A phantom (D:5)
  A kobold brigand (D:5)
  Blork the orc (D:4)
  10 bullfrogs
  4 scorpions
  Dowan (D:7)
  9 killer bees
  6 howler monkeys
  5 centaur zombies (Ossuary)
  4 orc priests
  A hound (D:5)
  A jelly (D:7)
  3 gnoll boudas
  An iron imp (D:6)
  Ijyb (D:4)
  Jessica (D:3)
  2 iguanas (D:5)
  Natasha (D:3)
  12 orc wizards
  6 mummies (Ossuary)
  Robin (D:4)
  11 gnolls
  2 adders
  A white imp (D:4)
  3 ufetubi
  2 worms (D:2)
  41 orcs
  3 endoplasms
  2 giant cockroaches
  2 gnoll zombies (Ossuary)
  13 goblins
  8 hobgoblins
  4 jackals (D:3)
  16 kobolds
  9 quokkas
  6 ball pythons
  4 bats
  4 frilled lizards
  5 goblin zombies (Ossuary)
  4 hobgoblin zombies (Ossuary)
  4 kobold zombies (Ossuary)
  An orc zombie (Ossuary)
  A quokka zombie (Ossuary)
  7 rats
  8 rat zombies (Ossuary)
302 creatures vanquished.

Vanquished Creatures (others)
  A butterfly (Lair:1)
  41 fungi
  29 plants
71 creatures vanquished.

Grand Total: 373 creatures vanquished

Notes
Turn   | Place    | Note
-------+----------+-------------------------------------------
     0 | D:1      | CryoSword the Demigod Reaver began the quest for the Orb.
     0 | D:1      | Reached XP level 1. HP: 17/17 MP: 5/5
   180 | D:1      | Reached XP level 2. HP: 21/21 MP: 5/7
   682 | D:2      | Learned a level 2 spell: Momentum Strike
   810 | D:2      | Reached XP level 3. HP: 23/24 MP: 8/8
  1366 | D:3      | Noticed Jessica
  1387 | D:3      | Killed Jessica
  1388 | D:3      | Reached skill level 1 in Necromancy
  1388 | D:3      | Reached skill level 1 in Translocations
  1478 | D:3      | Reached XP level 4. HP: 27/32 MP: 9/9
  1834 | D:3      | Noticed Natasha
  1837 | D:3      | Killed Natasha
  2037 | D:4      | Reached XP level 5. HP: 35/41 MP: 10/10
  2127 | D:4      | Noticed Blork the orc
  2132 | D:4      | Killed Blork the orc
  2359 | D:4      | Noticed Ijyb
  2359 | D:4      | Paralysed by Ijyb for 4 turns
  2365 | D:4      | Paralysed by Ijyb for 4 turns
  2376 | D:4      | Killed Ijyb
  2442 | D:4      | Identified the +1 falchion "Lutenu Beit" {freeze, Drain
                  | rElec Int-4 Dex+8}
  2534 | D:4      | Reached XP level 6. HP: 40/46 MP: 11/11
  2617 | D:4      | Noticed Robin
  2637 | D:4      | Killed Robin
  2907 | D:4      | Noticed Edmund
  2920 | D:4      | Killed Edmund
  3061 | D:5      | Entered Level 5 of the Dungeon
  3357 | D:5      | Reached XP level 7. HP: 43/57 MP: 13/13
  3361 | D:5      | Reached skill level 5 in Conjurations
  4214 | D:6      | Found a sand-covered staircase.
  4267 | Ossuary  | Entered an ossuary
  4720 | Ossuary  | Reached XP level 8. HP: 62/64 MP: 14/14
  4901 | Ossuary  | Noticed Menkaure
  4909 | Ossuary  | Killed Menkaure
  5034 | D:6      | Noticed Eustachio
  5391 | D:6      | HP: 3/67 [poisoned by a water moccasin]
  5647 | D:6      | Found a staircase to the Ecumenical Temple.
  5983 | D:6      | Killed Eustachio
  6062 | D:6      | Learned a level 3 spell: Hailstorm
  6066 | D:6      | Learned a level 3 spell: Frozen Ramparts
  6137 | D:7      | Reached XP level 9. HP: 58/71 MP: 13/15
  6181 | D:7      | Identified the +6 dagger "Orb Guardian's Curse" {heavy,
                  | Str+3 Dex+3}
  6257 | D:7      | Reached skill level 1 in Stealth
  6363 | D:7      | Found a runed translucent gate.
  6363 | D:7      | Found a runed translucent gate.
  6363 | D:7      | Found a runed translucent gate.
  6366 | D:7      | Noticed jovan2203's ghost (novice DjFE)
  6371 | D:7      | Noticed Dowan
  6401 | D:7      | Reached skill level 1 in Ice Magic
  6454 | D:7      | Noticed Duvessa
  6470 | D:7      | Killed Duvessa
  6471 | D:7      | Reached skill level 1 in Staves
  6532 | D:7      | Killed Dowan
  6533 | D:7      | Reached skill level 5 in Fighting
  6820 | D:7      | Reached skill level 2 in Ice Magic
  7036 | D:7      | Reached skill level 3 in Ice Magic
  7261 | D:8      | Reached skill level 4 in Ice Magic
  7261 | D:8      | Noticed Psyche
  7268 | D:8      | Killed Psyche
  7269 | D:8      | Reached skill level 5 in Ice Magic
  7273 | D:8      | Noticed a gargoyle
  7568 | D:8      | Killed a gargoyle
  7569 | D:8      | Reached skill level 6 in Ice Magic
  8286 | D:9      | Noticed Erica
  8295 | D:9      | Reached XP level 10. HP: 61/80 MP: 0/16
  8298 | D:9      | Killed Erica
  8299 | D:9      | Reached skill level 1 in Evocations
  8419 | D:9      | Reached skill level 7 in Ice Magic
  8425 | D:9      | Learned a level 4 spell: Dispel Undead
  8567 | D:9      | Reached skill level 5 in Necromancy
  8776 | D:9      | Found a staircase to the Orcish Mines.
  8847 | D:9      | Noticed a two-headed ogre
  8852 | D:9      | Killed a two-headed ogre
  8933 | D:9      | Noticed Erolcha
  8943 | D:9      | Killed Erolcha
  9169 | D:10     | Entered Level 10 of the Dungeon
  9169 | D:10     | Noticed Maurice
  9179 | D:10     | Killed Maurice
  9615 | D:10     | Noticed Joseph
  9895 | D:11     | Noticed an eight-headed hydra
  9911 | D:11     | Killed a seven-headed hydra
  9912 | D:11     | Reached XP level 11. HP: 65/89 MP: 15/19
 10017 | D:10     | Reached skill level 8 in Ice Magic
 10146 | D:11     | Noticed a two-headed ogre
 10672 | D:11     | Found a staircase to the Lair.
 10783 | D:11     | Killed a two-headed ogre
 10944 | D:11     | Noticed Josephine
 11147 | D:11     | Killed Josephine
 11148 | D:11     | Reached skill level 5 in Polearms
 11200 | Lair:1   | Entered Level 1 of the Lair of Beasts
 12264 | Lair:1   | Noticed Fannar
 12416 | Lair:1   | Slain by an ice beast

Illustrated notes

Levels and vault maps discovered:
D:1:      nicolae_arrival_memento_mori, layout_rooms
D:2:      layout_basic, basic_altar, minmay_split_cup_large
D:3:      layout_rooms, mainiacjoe_overflow_tiny_flanked,
          general_overflow_altar, lemuel_doored_altar, uniq_natasha,
          uniq_jessica
D:4:      layout_loops_ring, corexii_shack, sigmund_army, uniq_robin, uniq_ijyb,
          uniq_blork_the_orc, uniq_edmund
D:5:      layout_loops_ring, pdpol_wu_jian_five_deadly_venoms,
          gammafunk_temple_overflow_statue, minmay_crystal_water,
          nicolae_underground_beach
D:6:      layout_rooms, kennysheep_mini_moat, slow_altar_2,
          minmay_temple_entry_tees, enter_ossuary_5, uniq_eustachio
D:7:      layout_loops_cross, nicolae_ru_sacrificial_ziggurat,
          ebering_ghost_rock_garden, minivault_19, uniq_duvessa
D:8:      layout_rooms, nemelex_xobeh_ov_fountains_minmay, uniq_psyche
D:9:      layout_roguey, nicolae_overflow_hidden_temple,
          mainiacjoe_overflow_brackets, david_orc_1_choice, uniq_erica,
          uniq_erolcha
D:10:     layout_long_grid, uniq_joseph, uniq_maurice
D:11:     layout_big_octagon, due_lair_maze_entry_diamond, uniq_josephine
Lair:1:   layout_layer_cave, minivault_26, lemuel_fruit_fields, uniq_fannar

Skill      XL: |  1  2  3  4  5  6  7  8  9 10 11 |
---------------+----------------------------------+-----
Polearms       | 3 6 |  6.4
Conjurations   | 3 4 5 7 |  7.4
Necromancy     | 1 2 3 4 5 6 |  6.6
Translocations | 1 2 3 4 |  4.6
Fighting       | 2 3 4 5 7 |  7.0
Spellcasting   | 2 3 4 |  4.0
Stealth        | 1 3 4 |  4.0
Dodging        | 2 |  2.0
Ice Magic      | 6 7 8 |  8.8
Staves         | 1 4 |  4.5
Evocations     | 2 |  2.9
Armour         | |  0.4

Action                     |  1- 3 |  4- 6 |  7- 9 | 10-12 || total
---------------------------+-------+-------+-------+-------++-------
  Melee: Spear             |   111 |       |       |       ||   111
         Punch             |     1 |       |    12 |       ||    13
         Mace              |    44 |   125 |       |       ||   169
         Flail             |       |    73 |   294 |       ||   367
         Staff             |       |       |   109 |     5 ||   114
         Halberd           |       |       |     6 |       ||     6
         Trident           |       |       |       |   143 ||   143
         Scimitar          |       |       |       |     2 ||     2
  Throw: Dart              |       |     2 |     4 |       ||     6
         Throwing net      |       |       |     2 |     5 ||     7
   Cast: Kiss of Death     |     4 |     3 |     7 |     4 ||    18
         Momentum Strike   |       |    33 |    53 |    30 ||   116
         Hailstorm         |       |       |    22 |    47 ||    69
         Frozen Ramparts   |       |       |    13 |    24 ||    37
  Evoke: Wand              |       |       |     2 |     6 ||     8
    Use: Scroll            |       |       |     5 |     6 ||    11
         Potion            |       |       |     9 |     5 ||    14
   Stab: Sleeping          |     1 |       |       |     2 ||     3
         Paralysed         |       |       |     1 |       ||     1
 Armour: Leather armour    |    55 |   148 |   348 |       ||   551
         Robe              |       |       |       |   105 ||   105
         Skin              |       |       |       |    85 ||    85
  Dodge: Dodged            |   103 |   168 |   396 |   192 ||   859

Table legend: (Time is in decaauts)
 A = Elapsed time spent in this place.
 B = Non-inter-level travel time spent in this place.
 C = Inter-level travel time spent in this place.
 D = Time resting spent in this place.
 E = Time spent auto-exploring this place.
 F = Levels seen in this place.
 G = Mean time per level.
                   A        B        C        D        E       F      G
               +--------+--------+--------+--------+--------+-----+--------+
         Total |  12825 |  12458 |    367 |     11 |   9046 |  13 |  986.5 |
       Dungeon |  10808 |  10441 |    367 |     11 |   7788 |  11 |  982.5 |
          Lair |   1237 |   1237 |      0 |      0 |    942 |   1 | 1237.0 |
       Ossuary |    780 |    780 |      0 |      0 |    316 |   1 |  780.0 |
               +--------+--------+--------+--------+--------+-----+--------+

Top non-repeatable levels by time:
     D:5: 1691 daAuts
     D:7: 1420 daAuts
  Lair:1: 1237 daAuts
    D:11: 1208 daAuts
     D:9: 1167 daAuts
     D:4: 1078 daAuts
    D:10: 887 daAuts
     D:2: 796 daAuts
 Ossuary: 780 daAuts
     D:6: 676 daAuts
     D:3: 661 daAuts
     D:8: 623 daAuts
     D:1: 598 daAuts
